 Dungeon Crawl Stone Soup version 0.28.0-53-g5a82cb258f (webtiles) character file.

Game seed: 6367187440235612227

55 Zeld the Skirmisher (level 3, -1/34 HPs)
             Began as a Minotaur Berserker on May 23, 2022.
             Was a Believer of Trog.
             Slain by Sigmund
             ... wielding a +3 scythe of freezing
              (11 damage)
             ... on level 2 of the Dungeon.
             The game lasted 00:01:00 (1890 turns).

Zeld the Skirmisher (Minotaur Berserker)            Turns: 1890, Time: 00:01:00

Health: -1/34      AC:  2    Str: 23    XL:     3   Next: 67%
Magic:  2/2        EV: 12    Int:  4    God:    Trog [**....]
Gold:   45         SH:  0    Dex:  9    Spells: 2/2 levels left

rFire   . . .      SeeInvis .   a - +0 hand axe
rCold   . . .      Faith    .   (no shield)
rNeg    . . .      Spirit   .   b - +0 animal skin
rPois   +          Reflect  .   (helmet restricted)
rElec   .          Harm     .   (no cloak)
rCorr   .          Rampage  .   (no gloves)
Will    .....                   (no boots)
Stlth   +.........              (no amulet)
HPRegen 0.11/turn               c - ring of poison resistance
MPRegen 0.08/turn               (no ring)

@: no status effects
A: horns 2, retaliatory headbutt
a: Renounce Religion, Berserk, Trog's Hand


You were on level 2 of the Dungeon.
You worshipped Trog.
Trog was pleased with you.
You visited 1 branch of the dungeon, and saw 2 of its levels.

You collected 45 gold pieces.

Inventory:

Hand Weapons
 a - a +0 hand axe (weapon)
Armour
 b - a +0 animal skin (worn)
Jewellery
 c - a ring of poison resistance (left hand)
Scrolls
 d - a scroll of identify {unknown}


   Skills:
 * Level 4.4 Fighting
 * Level 4.3 Axes
 + Level 3.0 Armour
 + Level 2.7 Dodging


You had 2 spell levels left.
You didn't know any spells.
Your spell library was empty.

Dungeon Overview and Level Annotations

Branches:
Dungeon (2/15)

Altars:

Annotations:
D:2 Sigmund


Innate Abilities, Weirdness & Mutations

You have a pair of horns on your head.
You reflexively headbutt those who attack you in melee.


Message History

Unknown command.
No target in view!
Something hits you! Something freezes you.
You climb upwards.
Reactivating autopickup.
There is a stone staircase leading down here.
You start resting.
HP restored.
You start waiting.
Done waiting.
You climb downwards.
Level annotation: Sigmund
There is a stone staircase leading up here.
An endoplasm comes into view.
Sigmund gestures at you while chanting. You resist with significant effort.
Sigmund says, "Now you see me, now you don't..."
Sigmund gestures at you while chanting.
You are confused.
You are too confused!
You are too confused!
The endoplasm quivers.
Sigmund gestures at you while chanting. The puff of flame hits you.
Sigmund casts a spell at you. You resist with significant effort.
You hit the endoplasm.
The endoplasm is almost dead.
Sigmund zaps a wand.
You resist with significant effort. The endoplasm misses you.
You feel less confused. The endoplasm freezes you.
You are frozen.
Sigmund hits you from afar with a +3 scythe of freezing!
Sigmund freezes you.
* * * LOW HITPOINT WARNING * * *
There is a stone staircase leading up here.
The endoplasm closely misses you.
Sigmund hits you from afar with a +3 scythe of freezing!
You die...

..........### #..##
..#..##<### ##.#######
##.....#
#####....<...#
####..###.....######.#
##......#####
##.......##
#.........##
#.......>..##
#........J@.#
#.........#.#
#.......@.#.#
#.........#.#
#.........#..
#.........###
#..$......#
#.........#
##.........


You could see Sigmund and an endoplasm.

Vanquished Creatures
  An adder (D:2)
  A worm (D:2)
  A dart slug (D:1)
  5 ball pythons (D:1)
  An endoplasm (D:1)
  A giant cockroach (D:1)
  2 goblins (D:1)
  4 hobgoblins (D:1)
  6 jackals (D:1)
  4 kobolds
  2 quokkas (D:1)
  4 bats
  A frilled lizard (D:1)
  5 rats
38 creatures vanquished.

Vanquished Creatures (others)
  3 plants (D:1)
3 creatures vanquished.

Grand Total: 41 creatures vanquished

Notes
Turn   | Place    | Note
-------+----------+-------------------------------------------
     0 | D:1      | Zeld the Minotaur Berserker began the quest for the Orb.
     0 | D:1      | Reached XP level 1. HP: 19/19 MP: 0/0
   275 | D:1      | Reached XP level 2. HP: 14/27 MP: 1/1
   517 | D:1      | HP: 2/40 [quokka (2)]
   522 | D:1      | Reached ** piety under Trog
   524 | D:1      | Reached XP level 3. HP: 4/33 MP: 2/2
  1354 | D:2      | Noticed Sigmund
  1890 | D:2      | Slain by Sigmund

Illustrated notes

Levels and vault maps discovered:
D:1:      lightli_arrival_isolated_outpost, layout_basic, serial_bayou_pond_b,
          hangedman_decor_clover_reticule
D:2:      layout_rooms, uniq_terence, uniq_sigmund

Skill      XL: |  1  2  3 |
---------------+----------+-----
Fighting       | 4 |  4.4
Axes           | 4 |  4.3
Armour         | 3 |  3.0
Dodging        | |  2.7

Action                   || total
-------------------------++-------
Melee: Hand axe          ||    71
       Headbutt          ||    12
Invok: Berserk           ||     1
Armor: Animal skin       ||    22
Dodge: Dodged            ||    72
